 Dungeon Crawl Stone Soup version 0.30-a0-586-g23e55c9e0a (webtiles) character file.

Game seed: 4632758825377263223

74 Dirtsage the Slasher (level 4, -7/35 HPs)
             Began as a Demonspawn Monk on Jan 3, 2023.
             Killed from afar by Sigmund (9 damage)
             ... with a puff of flame
             ... on level 2 of the Dungeon.
             The game lasted 00:03:18 (1106 turns).

Dirtsage the Slasher (Demonspawn Monk)              Turns: 1106, Time: 00:03:18

Health: -7/35      AC:  6    Str: 12    XL:     4   Next: 9%
Magic:  4/4        EV: 13    Int: 11    God:
Gold:   102        SH:  0    Dex: 17    Spells: 0/3 levels left

rFire   . . .      SeeInvis .    a - +0 falchion
rCold   . . .      Faith    .    (no shield)
rNeg    . . .      Spirit   .    b - +0 robe
rPois   .          Reflect  .    (helmet restricted)
rElec   .          Harm     .    (no cloak)
rCorr   .          Rampage  .    l - +2 pair of gloves
Will    .....                    d - +0 pair of boots
Stlth   ++                       (no amulet)
HPRegen 0.25/turn                (no ring)
MPRegen 0.09/turn                (no ring)

@: no status effects
A: antennae 1
a: no special abilities


You were on level 2 of the Dungeon.
You visited 1 branch of the dungeon, and saw 2 of its levels.

You collected 102 gold pieces.

Inventory:

Hand Weapons
 a - a +0 falchion (weapon)
Armour
 b - a +0 robe (worn)
 d - a +0 pair of boots (worn)
 l - a +2 pair of gloves (worn)
Scrolls
 e - a scroll of enchant weapon {unknown}
 f - 2 scrolls of teleportation {unknown}
 g - 3 scrolls of identify {unknown}
 i - 2 scrolls of fog {unknown}
 k - a scroll of fear {unknown}
Potions
 h - a potion of resistance {unknown}
 j - a potion of curing {unknown}
 m - a potion of lignification {unknown}


   Skills:
 - Level 3.0 Fighting
 + Level 4.5 Long Blades
 - Level 2.6 Dodging
 - Level 1.7 Stealth


You couldn't memorise any spells.
You knew the following spells:

 Your Spells              Type           Power      Damage    Failure   Level
A - Ozocubu's Armour      Ice            0%         N/A       71%         3

Your spell library contained the following spells:

 Spells                   Type           Power      Damage    Failure   Level
 Shock                    Conj/Air       0%         1d3       34%         1
 Swiftness                Air            0%         N/A       71%         3
 Airstrike                Air            0%         2d(0-16)  98%         4
 Ozocubu's Refrigeration  Ice            0%         4d7       100%        7


Dungeon Overview and Level Annotations

Branches:
Dungeon (2/15)

Altars:

Annotations:
D:2 Sigmund


Innate Abilities, Weirdness & Mutations

You have a pair of small antennae on your head.


Message History

You bump into the rock wall.
Sigmund barely misses you.
You closely miss Sigmund. Sigmund barely misses you.
You feel less confused. Sigmund closely misses you.
You see here a bat corpse.
You barely miss Sigmund. Sigmund closely misses you.
You slash Sigmund!
Sigmund is moderately wounded.
Sigmund zaps a wand.
The bolt of dispelling energy hits you!
You take 12 damage, and have 23/35 hp.
MASSIVE DAMAGE!!
You hit Sigmund but do no damage.
Sigmund is moderately wounded.
Sigmund casts a spell.
Sigmund flickers and vanishes!
Deactivating autopickup; reactivate with Ctrl-A.
You miss something. Something hits you. Something burns you.
You take 4 damage, and have 20/35 hp.
You miss something. You hit something.
You hear a zap.
A bolt of dispelling energy appears from out of thin air!
The bolt of dispelling energy hits you.
You take 5 damage, and have 15/35 hp.
You hit something.
You hear some strange, mumbled words.
A puff of flame appears from out of thin air!
The puff of flame hits you.
You closely miss something.
You hear a zap.
A bolt of dispelling energy appears from out of thin air!
The bolt of dispelling energy hits you!
* * * LOW HITPOINT WARNING * * *
Something hits you but does no damage.
You take 14 damage, and have 1/35 hp.
MASSIVE DAMAGE!!
You hit something. You hit something.
You hear some strange, mumbled words.
A puff of flame appears from out of thin air!
The puff of flame hits you!
You die...

# ### # ### ..# # ..#
#.# # #.# #.# # #{# #.#
# #@# #.######### #.#
#.......... #.####.###
#.######### #........#
#.# #
######.#.####.#########
#.#.#.............
#.#...............
#.....##.####.....
########.# #.####


There were no monsters in sight!

Vanquished Creatures
  Robin (D:2)
  An adder (D:2)
  A worm (D:2)
  2 dart slugs
  4 ball pythons (D:1)
  An endoplasm (D:2)
  5 giant cockroaches (D:1)
  10 goblins
  4 hobgoblins
  3 jackals (D:1)
  3 quokkas (D:1)
  5 bats (D:1)
  2 rats (D:1)
42 creatures vanquished.

Vanquished Creatures (others)
  A bat (D:2)
1 creature vanquished.

Grand Total: 43 creatures vanquished

Notes
Turn   | Place    | Note
-------+----------+-------------------------------------------
     0 | D:1      | Dirtsage the Demonspawn Monk began the quest for the Orb.
     0 | D:1      | Reached XP level 1. HP: 18/18 MP: 1/1
   163 | D:1      | Reached skill level 3 in Long Blades
   213 | D:1      | Gained mutation: You have a pair of small antennae on your
                  | head. [demonic ancestry]
   213 | D:1      | Reached XP level 2. HP: 20/24 MP: 2/2
   550 | D:1      | Reached XP level 3. HP: 29/29 MP: 3/3
   778 | D:2      | Noticed Robin
   817 | D:2      | Reached skill level 4 in Long Blades
   821 | D:2      | Killed Robin
   869 | D:2      | Reached XP level 4. HP: 23/35 MP: 4/4
  1060 | D:2      | Learned a level 3 spell: Ozocubu's Armour
  1082 | D:2      | Noticed Sigmund
  1104 | D:2      | HP: 1/35 [something/bolt of dispelling energy (14)]
  1106 | D:2      | Killed from afar by Sigmund

Illustrated notes

Levels and vault maps discovered:
D:1:      heliophobic_arrival_henge, layout_basic
D:2:      kennysheep_the_goblin_king, layout_loops_ring,
          kennysheep_pointless_box, uniq_sigmund, uniq_robin

Skill      XL: |  1  2  3 |
---------------+----------+-----
Long Blades    | 3 4 |  4.5
Fighting       | |  3.0
Dodging        | |  2.6
Stealth        | |  1.7

Action                   |  1- 3 |  4- 6 || total
-------------------------+-------+-------++-------
Melee: Falchion          |   137 |    17 ||   154
  Use: Potion            |       |     1 ||     1
 Stab: Sleeping          |     4 |     1 ||     5
Armor: Robe              |    38 |     2 ||    40
Dodge: Dodged            |   102 |    10 ||   112

Table legend: (Time is in decaauts)
 A = Elapsed time spent in this place.
 B = Non-inter-level travel time spent in this place.
 C = Inter-level travel time spent in this place.
 D = Time resting spent in this place.
 E = Time spent auto-exploring this place.
 F = Levels seen in this place.
 G = Mean time per level.
                   A        B        C        D        E       F      G
               +--------+--------+--------+--------+--------+-----+--------+
         Total |   1122 |   1105 |     17 |      0 |    751 |   2 |  561.0 |
       Dungeon |   1122 |   1105 |     17 |      0 |    751 |   2 |  561.0 |
               +--------+--------+--------+--------+--------+-----+--------+

Top non-repeatable levels by time:
     D:1: 702 daAuts
     D:2: 420 daAuts
